 Dungeon Crawl Stone Soup version 0.27-a0-1502-g47ed6a6988 (webtiles) character file.

Game seed: 4479619870633672805

23350 Demosthentine the Impaler (level 13, -6/107 HPs)
             Began as a Merfolk Gladiator on July 8, 2021.
             Was a High Priest of the Shining One.
             Mangled by a vault guard (21 damage)
             ... on level 14 of the Dungeon.
             The game lasted 00:15:50 (13047 turns).

Demosthentine the Impaler (Merfolk Gladiator)      Turns: 13047, Time: 00:15:51

Health: -6/107     AC: 10    Str: 22    XL:     13   Next: 6%
Magic:  19/19      EV: 21    Int:  8    God:    the Shining One [*****.]
Gold:   1908       SH:  0    Dex: 18    Spells: 12/12 levels left

rFire    . . .     SeeInvis .   a - +1 trident (spect)
rCold    . . .     Faith    .   (no shield)
rNeg     + + .     Spirit   .   h - +0 troll leather armour
rPois    +         Reflect  .   c - +0 helmet
rElec    .         Harm     .   A - +1 cloak {rPois}
rCorr    .         Rampage  .   k - +0 pair of gloves
Will     .....                  o - +0 pair of boots
Stlth    +.........             (no amulet)
HPRegen  1.27/turn              G - +6 ring of strength
MPRegen  0.16/turn              (no ring)

@: mighty, glowing
A: (nimble swimmer 2), mertail
a: Renounce Religion, Divine Shield, Cleansing Flame, Summon Divine Warrior


You were on level 14 of the Dungeon.
You worshipped the Shining One.
The Shining One was extremely pleased with you.
You visited 2 branches of the dungeon, and saw 15 of its levels.
You also visited: Bailey.

You collected 3024 gold pieces.
You spent 1024 gold pieces at shops.
You donated 92 gold pieces to Zin.

Inventory:

Hand Weapons
 a - a +1 spectral trident (weapon)
Missiles
 b - 3 atropa-tipped darts (quivered)
 f - 8 curare-tipped darts
Armour
 c - a +0 helmet (worn)
 h - a +0 troll leather armour (worn)
 k - a +0 pair of gloves (worn)
 o - a +0 pair of boots (worn)
 A - a +1 cloak of poison resistance (worn)
 D - a +2 cloak of preservation
Jewellery
 s - an amulet of magic regeneration
 G - a +6 ring of strength (left hand)
 I - a ring of fire
Wands
 e - a wand of iceblast (48)
 q - a wand of polymorph (24)
 y - a wand of charming (12)
 B - a wand of digging (7)
 H - a wand of acid (9)
 L - a wand of paralysis (8)
Scrolls
 d - 3 scrolls of blinking
 j - 5 scrolls of amnesia
 m - 2 scrolls of fog
 r - 2 scrolls of enchant armour
 t - 3 scrolls of brand weapon
 v - a scroll of teleportation
 J - a scroll of magic mapping
 K - a scroll of fear
 M - a scroll of enchant weapon
Potions
 g - 5 potions of might
 i - a potion of curing
 l - 2 potions of berserk rage
 n - 5 potions of flight
 p - a potion of haste
 u - a potion of attraction
 w - 2 potions of mutation {unknown}
 x - a potion of ambrosia
 z - a potion of cancellation
 C - 6 potions of lignification
 E - 4 potions of resistance
 F - a potion of brilliance


   Skills:
 + Level 11.9 Fighting
 + Level 15.1 Polearms
 - Level 2.0 Throwing
 - Level 5.2 Armour
 + Level 14.1 Dodging
 + Level 9.0 Invocations


You had 12 spell levels left.
You didn't know any spells.
Your spell library contained the following spells:

 Spells                   Type           Power      Damage    Failure   Level
 Beastly Appendage        Tmut           0%         N/A       45%         1
 Foxfire                  Conj/Fire      0%         2x1d4     45%         1
 Sting                    Tmut/Pois      0%         1d3       45%         1
 Ensorcelled Hibernation  Hex/Ice        0%         N/A       58%         2
 Poisonous Vapours        Pois/Air       0%         N/A       58%         2
 Wereblood                Tmut           0%         N/A       58%         2
 Conjure Flame            Conj/Fire      0%         6-21      83%         3
 Mephitic Cloud           Conj/Pois/Air  0%         N/A       83%         3
 Spider Form              Tmut/Pois      0%         N/A       83%         3
 Stone Arrow              Conj/Erth      0%         3d7       83%         3
 Animate Armour           Summ/Erth      0%         N/A       99%         4
 Olgreb's Toxic Radiance  Pois           0%         N/A       99%         4
 Freezing Cloud           Conj/Ice/Air   0%         6-21      100%        5
 Manifold Assault         Tloc           0%         N/A       100%        5
 Shadow Creatures         Summ           N/A        N/A       100%        6
 Malign Gateway           Summ/Tloc      0%         N/A       100%        7
 Spellforged Servitor     Conj/Summ      0%         N/A       100%        7
 Lehudib's Crystal Spear  Conj/Erth      0%         10d2      100%        8


Dungeon Overview and Level Annotations

Branches:
Dungeon (14/15)            Temple (1/1) D:7            Lair (0/6) D:10
    Orc (0/2) D:10         Vaults (0/5) D:14         Bailey (visited)

Altars:
Ashenzari
Cheibriados
Dithmenos
Elyvilon
Fedhas
Gozag
Hepliaklqana
Kikubaaqudgha
Makhleb
Nemelex Xobeh
Okawaru
Qazlal
Ru
Sif Muna
Trog
Uskayaw
Vehumet
Wu Jian
Xom
Yredelemnul
Zin
The Shining One

Shops:
D:9 *   D:10 ([   D:11 !


Innate Abilities, Weirdness & Mutations

((You are quick and stealthy near water. (Stealth+, EV+, Speed+++)))
Your lower body shifts to a powerful aquatic tail in water.


Message History

The vault guard hits your spectral +1 spectral trident with a +0 broad axe.
Your spectral weapon shares its damage with you!
* * * LOW HITPOINT WARNING * * *
You feel better.
The battlesphere is engulfed in blazing flames.
The battlesphere is engulfed in blazing flames. x2
The vault guard completely misses you. x2
Things that are here:
a +0 war axe; a +0 plate armour; a human corpse The vault guard misses you.
The tengu conjurer casts a spell.
The tengu conjurer blinks!
You barely miss the vault guard.
The vault guard is severely wounded.
Your spectral +1 spectral trident hits the vault guard.
The vault guard hits you with a +0 war axe!
* * * LOW HITPOINT WARNING * * *
The boulder beetle leaps!
You hit the vault guard but do no damage.
The vault guard is severely wounded.
Your spectral +1 spectral trident hits the vault guard!
The vault guard hits you with a +0 broad axe.
* * * LOW HITPOINT WARNING * * *
The vault guard hits your spectral +1 spectral trident with a +0 broad axe!!
Your spectral weapon shares its damage with you!
* * * LOW HITPOINT WARNING * * *
The orc wizard gestures wildly while chanting.
The orc wizard flickers and vanishes for a moment.
The deep elf pyromancer gestures wildly while chanting.
The deep elf pyromancer blinks!
The vault guard hits you but does no damage.
Unknown command.
You swap places.
The vault guard hits you but does no damage.
Unknown command.
Things that are here:
a +0 longbow; 12 arrows Unknown command.
The vault guard hits you with a +0 broad axe!!
You die...

.. ........
#######...........
#.........#.......
##.................
#..........#.......
#..................
#.....# #...#.####.
###.....###.###......
#.()@.............##.
#.pp##.......##..)#..
#.E####.....####.....
##E## ##...## ##....
#○p## ##+## ##....
#.☼E## ... #.....
#.°C.## #...# #......
#.{...#QD....
#.......
#.Q...'.p.O..
+......#


You could see 3 vault guards and 2 fire elementals.

Vanquished Creatures
  Rupert (D:13)
  Josephine (D:13)
  A hydra (D:14)
  A vault guard (D:14)
  A boulder beetle (D:12)
  6 two-headed ogres
  A death knight (D:12)
  A centaur warrior (D:14)
  Pikel (D:6)
  A wizard (D:10)
  A deep elf pyromancer (D:13)
  A manticore (D:11)
  Joseph (D:9)
  A gargoyle (D:12)
  A yaktaur (D:14)
  Psyche (D:8)
  6 trolls
  A raiju (shapeshifter) (D:13)
  6 slime creatures
  A meliai zombie (D:11)
  8 wraiths
  Sigmund (D:2)
  2 shadows (D:11)
  3 vampire mosquitoes (D:13)
  A steam dragon (D:10)
  4 acid dragons
  10 orc warriors
  2 ice beasts
  A black bear (D:7)
  2 sky beasts
  A wolf (D:10)
  5 ogres
  4 centaurs
  A lemure (D:6)
  A phantom (D:7)
  2 bullfrogs
  A wyvern zombie (D:6)
  A scorpion (D:7)
  9 killer bees
  3 wights (D:9)
  2 vampire bats (D:7)
  5 electric eels (D:10)
  6 howler monkeys
  A crimson imp (D:10)
  3 bullfrog zombies
  3 centaur zombies
  11 hounds
  2 jellies
  5 orc priests
  2 gnoll shamans
  Crazy Yiuf (D:3)
  3 iguanas
  15 orc wizards
  Natasha (twice) (D:3)
  A howler monkey zombie (D:9)
  8 adders
  9 gnolls
  2 shadow imps
  An ufetubus (D:6)
  An adder skeleton (D:4)
  2 dart slugs
  44 orcs
  4 bat skeletons (D:7)
  A bat zombie (D:7)
  5 endoplasms
  A giant cockroach (D:1)
  16 goblins
  8 hobgoblins
  2 jackals (D:1)
  15 kobolds
  3 quokkas
  5 ball pythons
  5 bats (D:1)
  2 frilled lizards (D:1)
  A rat (D:1)
294 creatures vanquished.

Vanquished Creatures (others)
  An orc (D:10)
  2 kobolds (Bailey)
  18 plants (D:6)
21 creatures vanquished.

Grand Total: 315 creatures vanquished

Notes
Turn   | Place    | Note
-------+----------+-------------------------------------------
     0 | D:1      | Demosthentine the Merfolk Gladiator began the quest for the
                  | Orb.
     0 | D:1      | Reached XP level 1. HP: 16/16 MP: 1/1
    37 | D:1      | Reached XP level 2. HP: 12/23 MP: 2/2
   504 | D:1      | Reached XP level 3. HP: 28/28 MP: 3/3
  1237 | D:2      | Noticed Sigmund
  1240 | D:2      | Reached skill level 5 in Polearms
  1250 | D:2      | Killed Sigmund
  1251 | D:2      | Reached skill level 1 in Armour
  1251 | D:2      | Reached skill level 5 in Dodging
  1251 | D:2      | Reached XP level 4. HP: 36/36 MP: 4/4
  1251 | D:2      | Reached XP level 5. HP: 41/41 MP: 5/5
  2019 | D:2      | Identified a scroll of acquirement
  2019 | D:2      | Acquired 681 gold pieces
  2117 | D:3      | Reached skill level 6 in Polearms
  2120 | D:3      | Reached XP level 6. HP: 38/48 MP: 6/6
  2268 | D:3      | Found a runed translucent door.
  2269 | D:3      | Noticed Crazy Yiuf
  2335 | D:3      | Noticed Natasha
  2341 | D:3      | Killed Natasha
  2626 | D:3      | Noticed Natasha
  2631 | D:3      | Killed Natasha
  2657 | D:3      | Got the Disquisition on the Warped Volcanoes
  2794 | D:3      | Killed Crazy Yiuf
  3367 | D:4      | Reached XP level 7. HP: 27/55 MP: 7/7
  3714 | D:4      | Reached skill level 7 in Polearms
  4244 | D:5      | Entered Level 5 of the Dungeon
  4385 | D:5      | Reached skill level 5 in Fighting
  4638 | D:5      | Reached XP level 8. HP: 48/62 MP: 8/8
  4851 | D:5      | Reached skill level 8 in Polearms
  5553 | D:6      | Noticed Pikel
  5587 | D:6      | Killed Pikel
  5588 | D:6      | Reached skill level 9 in Polearms
  5588 | D:6      | Reached XP level 9. HP: 29/71 MP: 9/9
  5850 | D:6      | Found a glowing silver altar of Zin.
  5929 | D:6      | Became a worshipper of Zin the Law-Giver
  5929 | D:6      | Reached * piety under Zin
  5929 | D:6      | Reached ** piety under Zin
  6839 | D:7      | Found a staircase to the Ecumenical Temple.
  6848 | Temple   | Entered the Ecumenical Temple
  6900 | Temple   | Fell from the grace of Zin
  6900 | Temple   | Became a worshipper of the Shining One
  6900 | Temple   | Reached * piety under the Shining One
  6925 | D:7      | Reached skill level 10 in Polearms
  7001 | D:7      | Found a flagged portal.
  7011 | Bailey   | Entered a bailey
  7272 | Bailey   | Reached skill level 5 in Armour
  7523 | D:7      | Reached XP level 10. HP: 80/80 MP: 10/10
  7748 | D:7      | Reached skill level 10 in Dodging
  7950 | D:7      | Reached ** piety under the Shining One
  7963 | D:7      | Found an ancient bone altar of Kikubaaqudgha.
  8220 | D:7      | Found a bloodstained altar of Trog.
  8687 | D:8      | Reached skill level 11 in Polearms
  8687 | D:8      | Reached skill level 1 in Invocations
  8742 | D:8      | Noticed Psyche
  8754 | D:8      | Killed Psyche
  8987 | D:8      | Noticed a two-headed ogre
  8994 | D:8      | Killed a two-headed ogre
  9117 | D:9      | Noticed Joseph
  9153 | D:9      | Killed Joseph
  9355 | D:9      | Reached *** piety under the Shining One
  9402 | D:9      | Noticed a two-headed ogre
  9440 | D:9      | Killed a two-headed ogre
  9441 | D:9      | Reached skill level 12 in Polearms
  9441 | D:9      | Reached XP level 11. HP: 76/89 MP: 12/14
  9462 | D:9      | Found a shadowy altar of Dithmenos.
  9468 | D:9      | Found a broken altar of Ashenzari.
  9469 | D:9      | Found a snail-covered altar of Cheibriados.
  9724 | D:9      | Found Cueshuaf's Assorted Antiques.
  9733 | D:9      | Bought a silvery potion for 21 gold pieces
  9733 | D:9      | Bought a runed scarf for 192 gold pieces
  9733 | D:9      | Bought a tapered silver wand for 96 gold pieces
  9809 | D:10     | Entered Level 10 of the Dungeon
  9972 | D:10     | Found a staircase to the Lair.
 10106 | D:10     | Found a staircase to the Orcish Mines.
 10106 | D:10     | Found Optinkery's Armour Emporium.
 10116 | D:10     | Reached skill level 5 in Invocations
 10149 | D:10     | Bought a +1 cloak of poison resistance for 175 gold pieces
 10238 | D:10     | Found Lexuic's Antique Weapon Boutique.
 10357 | D:10     | Noticed a wizard
 10365 | D:10     | Killed a wizard
 10828 | D:11     | Reached **** piety under the Shining One
 10883 | D:11     | Acquired 1055 gold pieces
 10911 | D:11     | Found Nosien's Distillery.
 10941 | D:11     | Bought a potion of lignification for 54 gold pieces
 10941 | D:11     | Bought a potion of resistance for 180 gold pieces
 10941 | D:11     | Bought a potion of lignification for 54 gold pieces
 10941 | D:11     | Bought a potion of resistance for 180 gold pieces
 10941 | D:11     | Bought a potion of brilliance for 72 gold pieces
 11030 | D:11     | Noticed a manticore
 11037 | D:11     | Reached skill level 10 in Fighting
 11058 | D:11     | Killed a manticore
 11059 | D:11     | Reached skill level 13 in Polearms
 11437 | D:12     | Noticed a two-headed ogre
 11442 | D:12     | Killed a two-headed ogre
 11548 | D:12     | Noticed a two-headed ogre
 11801 | D:12     | Noticed a death knight
 11813 | D:12     | Killed a death knight
 11938 | D:12     | Noticed a boulder beetle
 11959 | D:12     | Killed a boulder beetle
 11960 | D:12     | Reached XP level 12. HP: 53/99 MP: 17/17
 12005 | D:12     | Got the Almanac of Supportive Moulding
 12133 | D:12     | Killed a two-headed ogre
 12140 | D:12     | Reached skill level 14 in Polearms
 12294 | D:13     | Noticed a two-headed ogre
 12301 | D:13     | Killed a two-headed ogre
 12309 | D:13     | Noticed Rupert
 12327 | D:13     | Killed Rupert
 12346 | D:13     | Noticed a two-headed ogre
 12352 | D:13     | Reached ***** piety under the Shining One
 12355 | D:13     | Noticed Josephine
 12444 | D:13     | Killed a two-headed ogre
 12597 | D:13     | Killed Josephine
 12958 | D:14     | Noticed a centaur warrior
 12965 | D:14     | Killed a centaur warrior
 13008 | D:14     | Found a gate to the Vaults.
 13008 | D:14     | Noticed an eight-headed hydra
 13008 | D:14     | Noticed a boulder beetle
 13008 | D:14     | Noticed a vault guard
 13008 | D:14     | Noticed a vault guard
 13008 | D:14     | Noticed a vault guard
 13008 | D:14     | Noticed a vault guard
 13008 | D:14     | Noticed a two-headed ogre
 13022 | D:14     | Killed a vault guard
 13023 | D:14     | Reached skill level 15 in Polearms
 13023 | D:14     | Reached XP level 13. HP: 90/107 MP: 19/19
 13047 | D:14     | Mangled by a vault guard

Illustrated notes

Levels and vault maps discovered:
D:1:      dpeg_arrival_leaves_temple_mockup, layout_basic,
          chequers_serial_rivers_micro_c
D:2:      layout_loops_ring, patterned_corridor, uniq_sigmund
D:3:      layout_basic, uniq_crazy_yiuf_cottage, uniq_natasha
D:4:      layout_loops_corners
D:5:      layout_gridville
D:6:      layout_cave_pods, mainiacjoe_overflow_cross_hatched,
          serial_column_ruins, column_ruins_hut_ruined,
          column_ruins_columns_corner, column_ruins_open_tiny,
          column_ruins_grid_3, column_ruins_grid_1,
          column_ruins_columns_straight, uniq_pikel
D:7:      layout_basic, kennysheep_vampire_church, general_overflow_altar,
          minmay_temple_entry_mini_moons, enter_bailey_3,
          minmay_misc_feat_tower, kennysheep_cross_room
D:8:      layout_basic, uniq_psyche
D:9:      layout_rooms, grunt_temple_overflow_open, serial_shops,
          nicolae_shop_trees, uniq_joseph
D:10:     layout_basic, erik_lair_island, orc_david_3, serial_shops, shop,
          lightli_wizard_tower
D:11:     layout_big_octagon, serial_shops,
          nicolae_shop_competitors_out_of_business
D:12:     layout_loops_cross
D:13:     layout_cave_pools, uniq_rupert, uniq_josephine
D:14:     layout_basic, lightli_vaults_fourway_checkpoint, serial_shops,
          shop_fountains, kennysheep_doodads, minmay_strange_pillars
Temple:   nicolae_temple_x_marks_the_god

Skill      XL: |  1  2  3  4  5  6  7  8  9 10 11 12 13 |
---------------+----------------------------------------+-----
Polearms       | 5 6 7 9 10 12 13 15 | 15.1
Fighting       | 3 4 5 6 7 9 10 11 | 11.9
Armour         | 1 2 3 4 5 |  5.2
Dodging        | 5 6 7 8 9 11 12 14 | 14.1
Invocations    | 4 6 8 9 |  9.0
Throwing       | |  2.0

Action                   |  1- 3 |  4- 6 |  7- 9 | 10-12 | 13-15 || total
-------------------------+-------+-------+-------+-------+-------++-------
Melee: Trident           |    98 |   124 |   307 |   465 |    18 ||  1012
       Tailslap          |       |       |     2 |       |       ||     2
Throw: Throwing net      |     1 |       |     2 |     1 |       ||     4
Invok: Divine Shield     |       |       |       |     1 |       ||     1
  Use: Scroll            |       |     5 |     9 |    13 |       ||    27
       Potion            |       |       |       |     4 |     1 ||     5
 Stab: Sleeping          |     4 |     2 |       |       |       ||     6
       Held in net/web   |       |       |     3 |       |       ||     3
Armor: Leather armour    |    15 |    23 |    51 |     7 |       ||    96
       Troll leather arm |       |       |       |    65 |     5 ||    70
Dodge: Dodged            |    46 |    45 |   143 |   317 |    14 ||   565
Block: Other             |       |       |       |     1 |       ||     1

Table legend: (Time is in decaauts)
 A = Elapsed time spent in this place.
 B = Non-inter-level travel time spent in this place.
 C = Inter-level travel time spent in this place.
 D = Time resting spent in this place.
 E = Time spent auto-exploring this place.
 F = Levels seen in this place.
 G = Mean time per level.
                   A        B        C        D        E       F      G
               +--------+--------+--------+--------+--------+-----+--------+
         Total |  12814 |  12461 |    353 |    337 |   9875 |  16 |  800.9 |
       Dungeon |  12290 |  11937 |    353 |    337 |   9490 |  14 |  877.9 |
        Temple |     62 |     62 |      0 |      0 |     44 |   1 |   62.0 |
        Bailey |    461 |    461 |      0 |      0 |    340 |   1 |  461.0 |
               +--------+--------+--------+--------+--------+-----+--------+

Top non-repeatable levels by time:
     D:5: 1299 daAuts
     D:6: 1268 daAuts
     D:3: 1154 daAuts
     D:1: 1104 daAuts
     D:4: 1009 daAuts
     D:2: 961 daAuts
     D:7: 941 daAuts
    D:10: 853 daAuts
     D:8: 769 daAuts
     D:9: 766 daAuts
    D:12: 760 daAuts
    D:13: 646 daAuts
    D:11: 632 daAuts
  Bailey: 461 daAuts
    D:14: 121 daAuts
